 Dungeon Crawl Stone Soup version 0.26-a0-665-gefeb406 (webtiles) character file.

Game seed: 9065357515639048651

477 Mopster the Chopper (level 6, -5/58 HPs)
             Began as a Minotaur Berserker on Oct 14, 2020.
             Was a Believer of Trog.
             Slain by a troll (8 damage)
             ... on level 5 of the Dungeon.
             The game lasted 00:13:58 (2329 turns).

Mopster the Chopper (Minotaur Berserker)            Turns: 2329, Time: 00:13:59

Health: -5/58      AC: 12    Str: 24    XL:     6   Next: 85%
Magic:  5/5        EV:  8    Int:  4    God:    Trog [**....]
Gold:   153        SH:  0    Dex:  9    Spells: 5/5 levels left

rFire    . . .     SeeInvis .   a - +0 hand axe
rCold    . . .     Faith    .   (no shield)
rNeg     . . .     Spirit   .   o - +0 plate armour
rPois    .         Reflect  .   (helmet restricted)
rElec    .         Harm     .   d - +0 cloak
rCorr    .         Rampage  .   (no gloves)
MR       .....                  (no boots)
Stlth    ..........             (no amulet)
HPRegen  0.19/turn              (no ring)
MPRegen  0.09/turn              (no ring)

@: about to teleport
A: retaliatory headbutt, horns 2
a: Berserk, Trog's Hand, Renounce Religion


You were on level 5 of the Dungeon.
You worshipped Trog.
Trog was pleased with you.
You visited 1 branch of the dungeon, and saw 7 of its levels.

You collected 153 gold pieces.

Inventory:

Hand Weapons
 a - a +0 hand axe (weapon)
Missiles
 m - a throwing net (quivered)
Armour
 b - a +0 animal skin
 d - a +0 cloak (worn)
 e - a +0 leather armour
 f - a +0 chain mail
 o - a +0 plate armour (worn)
 v - a +1 pair of gloves
Jewellery
 s - an uncursed ring of protection from cold {unknown}
Wands
 j - a wand of enslavement (7)
Scrolls
 c - a scroll of enchant weapon
 g - a scroll of teleportation
 h - 4 scrolls of identify
 k - 6 scrolls of magic mapping {unknown}
 q - a scroll of enchant armour {unknown}
 r - a scroll of remove curse
 t - a scroll of random uselessness {unknown}
Potions
 i - 2 potions of ambrosia {unknown}
 l - a potion of heal wounds {unknown}
 n - a potion of flight {unknown}
 p - a potion of might {unknown}
 u - a potion of lignification {unknown}


   Skills:
 * Level 6.4 Fighting
 + Level 6.7 Axes
 + Level 3.7 Armour
 + Level 3.1 Dodging


You had 5 spell levels left.
You didn't know any spells.
Your spell library was empty.

Dungeon Overview and Level Annotations

Branches:
Dungeon (7/15)
 Temple: D:4-7

Altars:
Elyvilon
Makhleb
Nemelex Xobeh

Portals:
Bailey: D:7

Annotations:
D:4 2 transporters


Innate Abilities, Weirdness & Mutations

You reflexively headbutt those who attack you in melee.
You have a pair of horns on your head.


Message History

Trog accepts your kill. The jelly hits you but does no damage.
The orc wizard gestures at you while chanting.
The magic dart hits you but does no damage.
Found a stone staircase leading up.
The jelly hits you but does no damage. The jelly hits you but does no damage.
The orc wizard begins to cast a cantrip, but forgets the words!
You see here a scroll labeled DIRGHIST BORPHOWK.
There is a stone staircase leading up here.
The jelly barely misses you. The troll closely misses you. The troll claws you!
* * * LOW HITPOINT WARNING * * *
The troll closely misses you.
The orc wizard looks braver for a moment.
You climb upwards.
Found a crooked runed staff.
Found a stone staircase leading up.
There is a stone staircase leading down here.
As you read the scroll of teleportation, it crumbles to dust.
You feel strangely unstable. The jelly barely misses you. The troll bites you!
You die...

## <# .#
.#
#.#####.#
#...|T..#
#@# #J#
#.# #.#
..# .## #
≈≈


You could see a troll and a jelly.

Vanquished Creatures
  Sigmund (D:2)
  A hound (D:4)
  2 orc priests (D:4)
  A bullfrog skeleton (D:3)
  Crazy Yiuf (D:2)
  7 gnolls
  2 adders
  2 worms (D:3)
  A dart slug (D:1)
  A leopard gecko (D:1)
  3 orcs
  3 giant cockroaches
  10 goblins
  5 hobgoblins
  3 jackals (D:1)
  A quokka (D:3)
  A ball python (D:6)
  10 bats
  3 frilled lizards
  A jackal skeleton (D:4)
  6 kobolds
  8 rats
73 creatures vanquished.

Vanquished Creatures (others)
  An orc wizard (D:4)
  A bat (D:3)
2 creatures vanquished.

Grand Total: 75 creatures vanquished

Notes
Turn   | Place    | Note
-------+----------+-------------------------------------------
     0 | D:1      | Mopster the Minotaur Berserker began the quest for the Orb.
     0 | D:1      | Reached XP level 1. HP: 19/19 MP: 0/0
   217 | D:1      | Reached XP level 2. HP: 27/27 MP: 1/1
   924 | D:2      | Reached XP level 3. HP: 33/33 MP: 2/2
   954 | D:2      | Found a sparkling altar of Nemelex Xobeh.
   970 | D:2      | Found a burning altar of Makhleb.
   972 | D:2      | Noticed a green death
   976 | D:2      | Noticed an orange demon
   976 | D:2      | Noticed a neqoxec
  1017 | D:2      | Noticed Sigmund
  1029 | D:2      | Killed Sigmund
  1029 | D:2      | Reached skill level 5 in Fighting
  1029 | D:2      | Reached skill level 5 in Axes
  1029 | D:2      | Reached XP level 4. HP: 31/42 MP: 3/3
  1029 | D:2      | Reached XP level 5. HP: 36/49 MP: 4/4
  1063 | D:2      | Found a runed translucent door.
  1064 | D:2      | Noticed Crazy Yiuf
  1069 | D:2      | Killed Crazy Yiuf
  1069 | D:2      | Reached ** piety under Trog
  1363 | D:3      | Reached XP level 6. HP: 57/57 MP: 5/5
  1745 | D:3      | Found a white marble altar of Elyvilon.
  2159 | D:4      | Noticed a kobold demonologist
  2162 | D:4      | Found a transporter.
  2165 | D:4      | Found a transporter.
  2306 | D:4      | You fall into a shaft and drop 3 floors!
  2310 | D:7      | Found a flagged portal.
  2316 | D:7      | Noticed a troll
  2322 | D:6      | Noticed an orc warrior
  2327 | D:6      | HP: 2/58 [troll (9)]
  2328 | D:5      | Entered Level 5 of the Dungeon
  2329 | D:5      | Slain by a troll

Illustrated notes

Levels and vault maps discovered:
D:1:      matt_arrival_refuge, layout_loops_ring
D:2:      layout_basic, nemelex_xobeh_ov_fountains_minmay,
          kennysheep_pointless_box, makhleb_altar_promises_db, uniq_sigmund,
          uniq_crazy_yiuf_cottage
D:3:      layout_basic, elyvilon_altar_4, minmay_fractal_squares_5
D:4:      gammafunk_wand_slinger, layout_basic, serial_shops, shop,
          lightli_sewer_entry_pipes, abandoned_shop
D:5:      kb_forest_paths, layout_loops_cross, nicolae_overflow_crystal_walls,
          grunt_temple_overflow_diamond, ebering_ghost_sewer_f
D:6:      minmay_clustersquares, layout_rooms, minmay_temple_entry_antechambers,
          serial_shops, kennysheep_mini, uniq_grinder
D:7:      layout_cave_pools, enter_bailey_2, st_stairs_14

Skill      XL: |  1  2  3  4  5  6 |
---------------+-------------------+-----
Fighting       | 4 5 6 |  6.4
Axes           | 4 5 6 |  6.7
Armour         | 3 |  3.7
Dodging        | 3 |  3.1

Action                   |  1- 3 |  4- 6 || total
-------------------------+-------+-------++-------
Melee: Hand axe          |    60 |    88 ||   148
       Headbutt          |    11 |    15 ||    26
Invok: Berserk           |       |     3 ||     3
  Use: Scroll            |     2 |     2 ||     4
Armor: Leather armour    |     2 |       ||     2
       Chain mail        |    27 |    17 ||    44
       Plate armour      |       |    43 ||    43
Dodge: Dodged            |    32 |    42 ||    74

Table legend: (Time is in decaauts)
 A = Elapsed time spent in this place.
 B = Non-inter-level travel time spent in this place.
 C = Inter-level travel time spent in this place.
 D = Time resting spent in this place.
 E = Time spent auto-exploring this place.
 F = Levels seen in this place.
 G = Mean time per level.
                   A        B        C        D        E       F      G
               +--------+--------+--------+--------+--------+-----+--------+
         Total |   2347 |   1644 |    703 |      0 |   1154 |   7 |  335.3 |
       Dungeon |   2347 |   1644 |    703 |      0 |   1154 |   7 |  335.3 |
               +--------+--------+--------+--------+--------+-----+--------+

Top non-repeatable levels by time:
     D:3: 945 daAuts
     D:1: 738 daAuts
     D:2: 473 daAuts
     D:4: 167 daAuts
     D:7: 15 daAuts
     D:6: 5 daAuts
     D:5: 0 daAuts
